 Dungeon Crawl Stone Soup version 0.32-a0-961-gd60f5e5fc7 (webtiles) character file.

Game seed: 4069121011617630934

16 HilariousDeathArtist the Trooper (level 2, -1/26 HPs)
             Began as a Mountain Dwarf Warper on Apr 17, 2024.
             Slain by Terence
             ... wielding a +0 hand axe
              (8 damage)
             ... on level 2 of the Dungeon.
             The game lasted 00:00:44 (922 turns).

HilariousDeathArtist the Trooper (MDWr)              Turns: 922, Time: 00:00:45

Health: -1/26      AC:  3    Str: 13    XL:     2   Next: 41%
Magic:  4/4        EV: 10    Int: 13    God:
Gold:   52         SH:  0    Dex:  9    Spells: 4/4 levels left

rFire   . . .        g - +1 dagger (venom)
rCold   . . .        (no shield)
rNeg    . . .        b - +0 leather armour
rPois   .            (no helmet)
rElec   .            (no cloak)
rCorr   .            (no gloves)
SInv    .            (no boots)
Will    .....        (no amulet)
Stlth   +            (no ring)
HPRegen 0.24/turn    (no ring)
MPRegen 0.09/turn

%: no passive effects
@: no status effects
A: runic magic, artefact enchanting
a: no special abilities


You were on level 2 of the Dungeon.
You visited 1 branch of the dungeon, and saw 2 of its levels.

You collected 52 gold pieces.

Inventory:

Hand Weapons
 a - a +0 hand axe
 g - a +1 dagger of venom (weapon)
   (You took it off a goblin on level 2 of the Dungeon)
Missiles
 d - 7 darts of dispersal {=f}
 i - 5 poisoned darts
Armour
 b - a +0 leather armour (worn)
Scrolls
 e - a scroll of identify {@r1}
 D - a scroll of blinking {!r}
 K - a scroll of immolation {!r}
Potions
 f - a potion of heal wounds {unknown}
 h - a potion of attraction {unknown}
 j - 2 potions of brilliance {unknown}


   Skills:
 + Level 3.4 Fighting
 - Level 2.4 Axes
 - Level 0.7 Throwing
 - Level 1.1 Armour
 - Level 1.3 Dodging
 - Level 1.7 Spellcasting
 - Level 2.4 Translocations


You had 4 spell levels left.
You didn't know any spells.
Your spell library contained the following spells:

 Spells                   Type           Power      Damage    Failure   Level
 Blink                    Tloc           14%        N/A       16%         2
 Lesser Beckoning         Tloc           14%        N/A       16%         2
 Maxwell's Portable Pile  Tloc           7%         2d(5-15)  30%         3
 Teleport Other           Tloc           7%         N/A       30%         3
 Vhi's Electric Charge    Tloc/Air       8%         N/A       86%         4


Dungeon Overview and Level Annotations

Branches:
Dungeon (2/15)

Altars:

Annotations:
D:2 Terence


Innate Abilities, Weirdness & Mutations

Your spellcasting is much less encumbered by armour.
You can use scrolls of enchantment on lesser artefacts.


Message History

You see here a +0 dagger.
You now have 52 gold pieces (gained 3).
h - a fuming red potion
There is a large open door here.
You open the door.
There is an open door here.
There is an open door here.
There is a large open door here.
A kobold comes into view. It is wielding a +0 dagger.
The kobold shouts!
You throw a stone. The stone closely misses the kobold.
You throw a stone. The stone barely misses the kobold.
You closely miss the kobold. The kobold hits you with a +0 dagger.
You take 1 damage, and have 25/26 hp.
You barely miss the kobold. The kobold hits you with a +0 dagger.
You take 3 damage, and have 22/26 hp.
You closely miss the kobold. The kobold closely misses you.
You hit the kobold but do no damage. The kobold hits you with a +0 dagger.
You take 1 damage, and have 21/26 hp.
You miss the kobold. The kobold barely misses you.
You hit the kobold.
You kill the kobold!
You open the large door.
Done exploring.
Health restored: 26 Done exploring.
No target in view!
Done exploring.
Done exploring.
Done exploring.
There is a stone staircase leading down here.
You climb downwards.
There is a stone staircase leading up here.
Unknown command.
i - 5 poisoned darts No target in view!
A goblin comes into view. It is wielding a +1 dagger of venom.
The goblin shouts!
A goblin is nearby!
You closely miss the goblin.
The goblin hits you with a +1 dagger of venom.
You are poisoned.
You take 4 damage, and have 22/26 hp.
You hit the goblin.
You feel very sick.
The goblin hits you with a +1 dagger of venom.
You are lethally poisoned!
You take 5 damage, and have 17/26 hp.
You barely miss the goblin.
You feel very sick.
The goblin hits you with a +1 dagger of venom.
You are more poisoned.
You take 8 damage, and have 9/26 hp.
MASSIVE DAMAGE!!
Okay, then.
It was a potion of curing.
You feel better. The goblin closely misses you.
You regained 5 hp, and now have 14/26 hp.
You miss the goblin. The goblin hits you but does no damage.
You hit the goblin.
You kill the goblin!
You see here a +1 dagger of venom.
g - a +1 dagger of venom Your +1 dagger of venom begins to drip with poison!
g - a +1 dagger of venom (weapon)
e - 2 scrolls labelled REGHEO VIOG (gained 1)
j - 2 smoky pink potions Health restored: 26 You open the door.
Terence and a hobgoblin come into view.
Okay, then.
As you read the scroll labelled REGHEO VIOG, it crumbles to dust.
It is a scroll of identify.
c - a scroll of immolation;
K - a scroll of immolation You closely miss the hobgoblin.
The hobgoblin hits you.
You take 4 damage, and have 22/26 hp.
You hit the hobgoblin.
The hobgoblin is poisoned.
The hobgoblin barely misses you.
You hit the hobgoblin.
The hobgoblin looks as sick as possible!
You kill the hobgoblin!
You closely miss Terence. Terence hits you with a +0 hand axe.
You take 4 damage, and have 18/26 hp.
You closely miss Terence. Terence barely misses you.
You hit Terence.
Terence is poisoned.
Terence hits you but does no damage.
You hit Terence.
Terence looks as sick as possible!
Terence hits you with a +0 hand axe!
You take 7 damage, and have 11/26 hp.
MASSIVE DAMAGE!!
You hit Terence but do no damage.
Terence looks as sick as possible!
Terence hits you with a +0 hand axe.
* * * LOW HITPOINT WARNING * * *
You take 4 damage, and have 7/26 hp.
You hit Terence but do no damage. Terence closely misses you.
Unknown command.
You hit Terence.
Terence looks as sick as possible!
Terence closely misses you.
You hit Terence but do no damage.
Terence looks as sick as possible!
Terence looks scornfully at you. Terence hits you with a +0 hand axe!
You die...
Terence says, "That felt goooood."

#....#....#...
#....@....+..#
#...##....#..
#.........#.#
#..######.#.#
#..######.#.#
...........#
..######@###
#@#####..# .#
#........# .#
#..####.##..#.
##............
+...####.##.#
##..#.......#
##..#.##.#..##.#
#####
+..............#
...#
###.#.##.##.####


You could see Terence (extremely poisoned).

Vanquished Creatures
  A bat (D:1)
  An endoplasm (D:1)
  A giant cockroach (D:1)
  3 goblins
  2 hobgoblins
  4 kobolds (D:1)
  2 ball pythons (D:1)
14 creatures vanquished.

Notes
Turn   | Place    | Note
-------+----------+-------------------------------------------
     0 | D:1      | HilariousDeathArtist the Mountain Dwarf Warper began the
                  | quest for the Orb.
     0 | D:1      | Reached XP level 1. HP: 17/17 MP: 3/3
   273 | D:1      | Reached skill level 3 in Fighting
   273 | D:1      | Reached XP level 2. HP: 23/26 MP: 4/4
   903 | D:2      | Noticed Terence
   922 | D:2      | Slain by Terence

Illustrated notes

Levels and vault maps discovered:
D:1:      denvon_arrival_hothouse, layout_loops_ring
D:2:      wander_river, layout_basic, uniq_robin, uniq_terence

Skill      XL: |  1 |
---------------+----+-----
Fighting       | 3 |  3.4
Axes           | |  2.4
Throwing       | |  0.7
Armour         | |  1.1
Dodging        | |  1.3
Spellcasting   | |  1.7
Translocations | |  2.4

Action                     || total
---------------------------++-------
  Melee: Hand axe          ||    55
         Dagger            ||    11
  Throw: Stone             ||     7
    Use: Scroll            ||     1
         Potion            ||     1
 Armour: Leather armour    ||    44
  Dodge: Dodged            ||    32

Table legend: (Time is in decaauts)
 A = Elapsed time spent in this place.
 B = Non-inter-level travel time spent in this place.
 C = Inter-level travel time spent in this place.
 D = Time resting spent in this place.
 E = Time spent auto-exploring this place.
 F = Levels seen in this place.
 G = Mean time per level.
                   A        B        C        D        E       F      G
               +--------+--------+--------+--------+--------+-----+--------+
         Total |    932 |    918 |     14 |      0 |    783 |   2 |  466.0 |
       Dungeon |    932 |    918 |     14 |      0 |    783 |   2 |  466.0 |
               +--------+--------+--------+--------+--------+-----+--------+

Top non-repeatable levels by time:
     D:1: 793 daAuts
     D:2: 139 daAuts

Levels and vault maps discovered:
D:1:      denvon_arrival_hothouse, layout_loops_ring
D:2:      wander_river, layout_basic, uniq_robin, uniq_terence

Table legend: (Time is in decaauts)
 A = Elapsed time spent in this place.
 B = Non-inter-level travel time spent in this place.
 C = Inter-level travel time spent in this place.
 D = Time resting spent in this place.
 E = Time spent auto-exploring this place.
 F = Levels seen in this place.
 G = Mean time per level.
                   A        B        C        D        E       F      G
               +--------+--------+--------+--------+--------+-----+--------+
         Total |    932 |    918 |     14 |      0 |    783 |   2 |  466.0 |
       Dungeon |    932 |    918 |     14 |      0 |    783 |   2 |  466.0 |
               +--------+--------+--------+--------+--------+-----+--------+

Top non-repeatable levels by time:
     D:1: 793 daAuts
     D:2: 139 daAuts

Table legend:
 A = Kills in this place as a percentage of kills in the entire game.
 B = Kills by you in this place as a percentage of kills by you in the entire game.
 C = Kills by friends in this place as a percentage of kills by friends in the entire game.
 D = Other kills in this place as a percentage of other kills in the entire game.
 E = Experience gained in this place as a percentage of experience gained in the entire game.
 F = Experience gained in this place divided by the number of levels of this place that you have seen.
                   A       B       C       D       E      F
               +-------+-------+-------+-------+-------+----------------------
         Total | 100.0 | 100.0 |   N/A |   N/A | 100.0 |  12.0
       Dungeon | 100.0 | 100.0 |   N/A |   N/A | 100.0 |  12.0
               +-------+-------+-------+-------+-------+----------------------
